Stars vs Bruins

Created - 31 décembre 2020 at 22:22

Goals
1 2 3 T
Stars 1 0 1 2
Bruins 0 1 0 1
Shots
1 2 3 T
Stars 18 6 24 48
Bruins 10 9 4 23

1st period

1. Stars , Jon Marchessault 7 (Sidney Crosby 14, Mattias Ekholm 20) at 13:15 (PP)

Penalties :
Darnell Nurse (DAL) for Roughing (Minor) at 1:31, Jordan Oesterle (BOS) for Hooking (Minor) at 12:21, Brian Dumoulin (BOS) for Hooking (Minor) at 15:31

2nd period

2. Bruins , Jayson Megna 7 (Tanner Fritz 4) at 1:46

Penalties :
Tanner Fritz (BOS) for Interference (Minor) at 9:19, Ilya Mikheyev (DAL) for Elbowing (Minor) at 9:19

3rd period

3. Stars , William Karlsson 12 (Nazem Kadri 11, Sami Vatanen 12) at 8:39 (PP)

Penalties :
Jonathon Merrill (BOS) for Slashing (Minor) at 4:54, Colton White (BOS) for Tripping (Minor) at 6:56

Goalie Stats

Darcy Kuemper (DAL), 22 saves from 23 shots - (0,957), W, 19-6-4, 60:00 minutes
Tristan Jarry (BOS), 46 saves from 48 shots - (0,958), L, 9-11-1, 59:48 minutes

Players Stats for Stars

Player Name              G  A  P  +/- PIM S  H  SB GA TA FO     MP     PP MP  PK MP  
------------------------------------------------------------------------------------
Darnell Nurse            0  0  0  -1  2   2  1  1  0  0  0/0    21:46   0:00   0:00 
Derick Brassard          0  0  0   0  0   2  0  0  0  0  5/14   12:00   0:00   0:00 
Duncan Keith             0  0  0   0  0   1  1  1  0  0  0/0    22:07   2:56   1:13 
Evgenii Dadonov          0  0  0   0  0   3  0  0  0  0  0/1    16:14   2:56   0:00 
Ilya Mikheyev            0  0  0   0  2   0  0  0  0  0  0/0     6:57   0:00   1:07 
James van Riemsdyk       0  0  0   0  0   2  0  0  0  0  0/0    12:00   0:00   0:00 
John Klingberg           0  0  0  -1  0   4  0  2  0  0  0/0    25:25   3:39   0:46 
Jon Marchessault         1  0  1   0  0   6  4  0  0  0  0/0    18:34   3:39   0:00 
Josh Leivo               0  0  0   0  0   1  1  0  0  0  1/1    12:00   0:00   0:00 
Mattias Ekholm           0  1  1   0  0   4  5  1  0  0  0/0    23:15   3:39   1:21 
Nazem Kadri              0  1  1  -1  0   6  5  0  0  0  1/1    21:36   2:56   0:00 
Sami Vatanen             0  1  1   0  0   3  1  0  0  0  0/0    15:45   2:56   0:38 
Scott Mayfield           0  0  0   0  0   0  0  0  0  0  0/0    11:41   0:00   0:00 
Sidney Crosby            0  1  1  -1  0   3  0  0  0  0  23/37  22:19   3:39   0:00 
Teddy Blueger            0  0  0   0  0   1  0  0  0  0  8/11    6:58   0:00   1:07 
Tyler Toffoli            0  0  0  -1  0   4  0  0  0  0  0/2    21:10   3:39   0:00 
William Karlsson         1  0  1   0  0   3  0  0  0  0  14/23  18:43   2:56   0:52 
Zach Aston-Reese         0  0  0   0  0   3  0  0  0  0  0/0     7:30   0:00   0:52 

Players Stats for Bruins

Player Name              G  A  P  +/- PIM S  H  SB GA TA FO     MP     PP MP  PK MP  
------------------------------------------------------------------------------------
Adam Henrique            0  0  0   0  0   3  0  1  0  0  12/30  22:37   1:07   1:07 
Alex Iafallo             0  0  0   0  0   3  0  1  0  0  1/3    21:39   1:07   2:03 
Antoine Roussel          0  0  0   1  0   3  4  0  0  0  1/1    16:42   0:00   0:59 
Brady Skjei              0  0  0   0  0   0  4  4  0  0  0/0    22:15   1:07   1:34 
Brett Pesce              0  0  0   0  0   0  2  0  0  0  0/0    18:22   0:00   3:42 
Brian Dumoulin           0  0  0   0  2   0  3  1  0  0  0/0    12:15   0:00   2:40 
Carl Hagelin             0  0  0   0  0   2  0  2  0  0  0/0    19:33   0:00   3:17 
Colton White             0  0  0   1  2   0  1  0  0  0  0/0    17:49   0:52   0:00 
Jayson Megna             1  0  1   1  0   2  1  0  0  0  3/10    9:07   0:52   0:34 
Jonathon Merrill         0  0  0   1  2   2  2  2  0  0  0/0    19:15   0:00   2:21 
Jordan Oesterle          0  0  0   0  2   0  0  1  0  0  0/0    20:37   1:07   0:00 
Marcus Sorensen          0  0  0   0  0   2  0  0  0  0  3/8    16:05   1:07   2:17 
Markus Nutivaara         0  0  0   0  0   0  3  1  0  0  0/0     9:23   0:52   2:53 
Michael Frolik           0  0  0   0  0   1  0  0  0  0  0/0     1:40   0:52   0:00 
Radek Faksa              0  0  0   0  0   0  0  0  0  0  12/21  18:10   0:00   0:59 
Tanner Fritz             0  1  1   1  2   0  1  0  0  0  1/5    18:37   0:00   0:00 
Tyler Bertuzzi           0  0  0   0  0   3  2  0  0  0  0/0    18:23   0:52   0:00 
Vladimir Sobotka         0  0  0   0  0   2  0  1  0  0  5/12    8:52   0:00   1:54 

3 Stars

1 - Tristan Jarry (BOS)
2 - Jon Marchessault (DAL)
3 - Darcy Kuemper (DAL)

Power Play

Stars - 2 on 4 Attempt(s) - 50,00%
Bruins - 0 on 1 Attempt(s) - 0,00%

Penalty Kill

Stars - 1 on 1 Attempt(s) - 100,00% - Score 0 goal in Penalty Kill
Bruins - 2 on 4 Attempt(s) - 50,00% - Score 0 goal in Penalty Kill

Team Stat

Stars - Hits : 18 - Faceoff Wins : 52 - Blocked Shots : 5 - Penalty Minutes : 4
Bruins - Hits : 23 - Faceoff Wins : 38 - Blocked Shots : 14 - Penalty Minutes : 10

Official

Referees : Ghislain Hebert and Stephen Hiff
Linesman : Matt MacPherson and Jesse Marquis

Game Notes

Michael Frolik is injured at 4:45 of 1st period (Left Foot)
Vladimir Sobotka is injured at 18:51 of 2nd period (Sore Right Knee)

Finance

Level 1 -- Attendance: 6000 (100,00%) -- Ticket Income 708 000 $
Level 2 -- Attendance: 4812 (96,24%) -- Ticket Income 360 900 $
Level 3 -- Attendance: 3193 (91,23%) -- Ticket Income 153 264 $
Level 4 -- Attendance: 2861 (89,97%) -- Ticket Income 85 830 $
Luxury Box -- Attendance: 1000 (100,00%) -- Ticket Income 211 000 $
Game was played at the TD Garden.
Total Attendance: 17866 (95,64%)
Total Ticket Income: 1 518 994 $
Other Income: 744 307 $
Total Income: 2 263 301 $

% Time on Ice - Stars

Lines # - Real PCT - Wanted PCT - Time Play
Normal Forward
1 - 36% - 40% - 17:31
2 - 27% - 30% - 13:18
3 - 25% - 20% - 12:00
4 - 12% - 10% - 5:51
Normal Defense
1 - 37% - 40% - 18:10
2 - 35% - 30% - 17:08
3 - 24% - 20% - 11:41
4 - 3% - 10% - 1:41
PP Forward
1 - 55% - 60% - 3:39
2 - 45% - 40% - 2:56
PP Defense
1 - 55% - 60% - 3:39
2 - 45% - 40% - 2:56
PK Forward
1 - 56% - 60% - 1:07
2 - 44% - 40% - 0:52
PK Defense
1 - 39% - 60% - 0:46
2 - 61% - 40% - 1:13
PK3 Forward
1 - 0% - 60%
2 - 0% - 40%
PK3 Defense
1 - 0% - 60%
2 - 0% - 40%
44 Forward
1 - 58% - 60% - 1:09
2 - 42% - 40% - 0:50
44 Defense
1 - 58% - 60% - 1:09
2 - 42% - 40% - 0:50
Last Minute Offensive  - 0:00
Last Minute Defensive  - 0:47
Total
Forward - 60:00
Defense - 60:00

% Time on Ice - Bruins

Lines # - Real PCT - Wanted PCT - Time Play
Normal Forward
1 - 33% - 36% - 16:16
2 - 35% - 32% - 17:11
3 - 24% - 22% - 11:54
4 - 8% - 10% - 3:49
Normal Defense
1 - 38% - 36% - 18:33
2 - 32% - 32% - 15:57
3 - 19% - 21% - 9:19
4 - 11% - 11% - 5:21
PP Forward
1 - 56% - 55% - 1:07
2 - 44% - 45% - 0:52
PP Defense
1 - 56% - 60% - 1:07
2 - 44% - 40% - 0:52
PK Forward
1 - 85% - 60% - 5:36
2 - 15% - 40% - 0:59
PK Defense
1 - 56% - 60% - 3:42
2 - 44% - 40% - 2:53
PK3 Forward
1 - 0% - 54%
2 - 0% - 46%
PK3 Defense
1 - 0% - 60%
2 - 0% - 40%
44 Forward
1 - 51% - 55% - 1:01
2 - 49% - 45% - 0:58
44 Defense
1 - 51% - 60% - 1:01
2 - 49% - 40% - 0:58
Last Minute Offensive  - 0:17
Last Minute Defensive  - 0:00
Total
Forward - 60:00
Defense - 60:00

Play-by-Play

1st period


0:01 of 1st period - Sidney Crosby wins face-off versus Adam Henrique in neutral zone.
0:24 of 1st period - Shot by Tyler Bertuzzi.
0:24 of 1st period - Shot Misses the Net.
0:34 of 1st period - Shot by Adam Henrique.
0:34 of 1st period - Stopped by Darcy Kuemper without a rebound.
0:35 of 1st period - Radek Faksa wins face-off versus William Karlsson in Stars zone.
0:40 of 1st period - Shot by Michael Frolik.
0:40 of 1st period - Shot Misses the Net.
0:42 of 1st period - Shot by Radek Faksa.
0:42 of 1st period - Shot Blocked by Mattias Ekholm.
0:51 of 1st period - Michael Frolik is hit by Mattias Ekholm and loses puck.
1:01 of 1st period - Radek Faksa is hit by Mattias Ekholm and loses puck.
1:04 of 1st period - Shot by Alex Iafallo.
1:04 of 1st period - Shot Blocked by Duncan Keith.
1:06 of 1st period - Shot by Michael Frolik.
1:06 of 1st period - Stopped by Darcy Kuemper without a rebound.
1:07 of 1st period - Antoine Roussel wins face-off versus Derick Brassard in Stars zone.
1:21 of 1st period - Off-side.
1:22 of 1st period - Adam Henrique wins face-off versus Teddy Blueger in neutral zone.
1:31 of 1st period - Shot by Adam Henrique.
1:31 of 1st period - Stopped by Darcy Kuemper without a rebound.
1:31 of 1st period - Minor Penalty to Darnell Nurse for Roughing.
1:32 of 1st period - Teddy Blueger wins face-off versus Adam Henrique in Stars zone.
2:22 of 1st period - Icing by Michael Frolik.
2:23 of 1st period - Teddy Blueger wins face-off versus Jayson Megna in Bruins zone.
2:23 of 1st period - Teddy Blueger is hit by Markus Nutivaara.
3:36 of 1st period - Shot by Antoine Roussel.
3:36 of 1st period - Stopped by Darcy Kuemper without a rebound.
3:37 of 1st period - Vladimir Sobotka wins face-off versus Sidney Crosby in Stars zone.
3:42 of 1st period - Shot by Marcus Sorensen.
3:42 of 1st period - Stopped by Darcy Kuemper without a rebound.
3:43 of 1st period - Sidney Crosby wins face-off versus Jayson Megna in Stars zone.
3:43 of 1st period - Sidney Crosby is hit by Antoine Roussel.
4:01 of 1st period - Shot by Jayson Megna.
4:01 of 1st period - Stopped by Darcy Kuemper with a rebound.
4:06 of 1st period - John Klingberg is hit by Brian Dumoulin and loses puck.
4:09 of 1st period - Shot by Tyler Toffoli.
4:09 of 1st period - Shot Misses the Net.
4:11 of 1st period - Shot by John Klingberg.
4:11 of 1st period - Stopped by Tristan Jarry with a rebound.
4:16 of 1st period - Nazem Kadri is hit by Brian Dumoulin and loses puck.
4:44 of 1st period - Michael Frolik is hit by Nazem Kadri and loses puck.
4:45 of 1st period - Michael Frolik from Bruins is injured at 4:45 of 1st period (Left Foot).
4:46 of 1st period - Adam Henrique wins face-off versus William Karlsson in neutral zone.
5:17 of 1st period - Shot by Jon Marchessault.
5:17 of 1st period - Stopped by Tristan Jarry without a rebound.
5:18 of 1st period - Derick Brassard wins face-off versus Radek Faksa in Bruins zone.
5:31 of 1st period - Shot by Alex Iafallo.
5:31 of 1st period - Stopped by Darcy Kuemper without a rebound.
5:32 of 1st period - Vladimir Sobotka wins face-off versus Teddy Blueger in Stars zone.
5:55 of 1st period - Shot by Zach Aston-Reese.
5:55 of 1st period - Stopped by Tristan Jarry with a rebound.
6:27 of 1st period - Vladimir Sobotka is hit by Jon Marchessault and loses puck.
6:44 of 1st period - Icing by Adam Henrique.
6:45 of 1st period - Adam Henrique wins face-off versus Tyler Toffoli in Bruins zone.
6:47 of 1st period - Icing by Brady Skjei.
6:48 of 1st period - Adam Henrique wins face-off versus Derick Brassard in Bruins zone.
6:53 of 1st period - Shot by James van Riemsdyk.
6:53 of 1st period - Shot Blocked by Adam Henrique.
7:17 of 1st period - Shot by Darnell Nurse.
7:17 of 1st period - Stopped by Tristan Jarry with a rebound.
7:23 of 1st period - Shot by Derick Brassard.
7:23 of 1st period - Stopped by Tristan Jarry without a rebound.
7:24 of 1st period - Sidney Crosby wins face-off versus Radek Faksa in Bruins zone.
7:25 of 1st period - Shot by Nazem Kadri.
7:25 of 1st period - Stopped by Tristan Jarry without a rebound.
7:26 of 1st period - Sidney Crosby wins face-off versus Radek Faksa in Bruins zone.
7:38 of 1st period - Nazem Kadri is hit by Jonathon Merrill and loses puck.
7:43 of 1st period - Shot by Nazem Kadri.
7:43 of 1st period - Stopped by Tristan Jarry without a rebound.
7:44 of 1st period - William Karlsson wins face-off versus Vladimir Sobotka in Bruins zone.
7:58 of 1st period - Darnell Nurse is hit by Antoine Roussel and loses puck.
8:04 of 1st period - Icing by Darnell Nurse.
8:05 of 1st period - Radek Faksa wins face-off versus Evgenii Dadonov in Stars zone.
8:06 of 1st period - Shot by Alex Iafallo.
8:06 of 1st period - Stopped by Darcy Kuemper without a rebound.
8:07 of 1st period - Sidney Crosby wins face-off versus Radek Faksa in Stars zone.
8:12 of 1st period - Radek Faksa is hit by Nazem Kadri and loses puck.
9:09 of 1st period - Icing by Brady Skjei.
9:10 of 1st period - Adam Henrique wins face-off versus Derick Brassard in Bruins zone.
10:24 of 1st period - Shot by Marcus Sorensen.
10:24 of 1st period - Stopped by Darcy Kuemper without a rebound.
10:25 of 1st period - Radek Faksa wins face-off versus Teddy Blueger in Stars zone.
10:51 of 1st period - Shot by Radek Faksa.
10:51 of 1st period - Shot Misses the Net.
11:55 of 1st period - Shot by Nazem Kadri.
11:55 of 1st period - Stopped by Tristan Jarry without a rebound.
11:56 of 1st period - William Karlsson wins face-off versus Adam Henrique in Bruins zone.
12:00 of 1st period - Jon Marchessault is hit by Brady Skjei and loses puck.
12:03 of 1st period - Shot by William Karlsson.
12:03 of 1st period - Shot Blocked by Brady Skjei.
12:08 of 1st period - Jon Marchessault is hit by Brady Skjei and loses puck.
12:21 of 1st period - Minor Penalty to Jordan Oesterle for Hooking.
12:22 of 1st period - Sidney Crosby wins face-off versus Vladimir Sobotka in Bruins zone.
12:31 of 1st period - Shot by Mattias Ekholm.
12:31 of 1st period - Stopped by Tristan Jarry with a rebound.
12:33 of 1st period - Shot by Mattias Ekholm.
12:33 of 1st period - Shot Blocked by Markus Nutivaara.
12:35 of 1st period - Shot by Tyler Toffoli.
12:35 of 1st period - Stopped by Tristan Jarry with a rebound.
12:37 of 1st period - Shot by Mattias Ekholm.
12:37 of 1st period - Shot Misses the Net.
12:39 of 1st period - Shot by Mattias Ekholm.
12:39 of 1st period - Stopped by Tristan Jarry without a rebound.
12:40 of 1st period - William Karlsson wins face-off versus Vladimir Sobotka in Bruins zone.
12:58 of 1st period - Shot by Duncan Keith.
12:58 of 1st period - Shot Misses the Net.
13:00 of 1st period - Shot by William Karlsson.
13:00 of 1st period - Stopped by Tristan Jarry without a rebound.
13:01 of 1st period - Sidney Crosby wins face-off versus Radek Faksa in Bruins zone.
13:01 of 1st period - John Klingberg is hit by Markus Nutivaara and loses puck.
13:15 of 1st period - Shot by Jon Marchessault.
13:15 of 1st period - Goal by Jon Marchessault - Stars : 1 - Bruins : 0.
13:16 of 1st period - Radek Faksa wins face-off versus Derick Brassard in neutral zone.
13:33 of 1st period - James van Riemsdyk is hit by Brady Skjei and loses puck.
13:36 of 1st period - Shot by Josh Leivo.
13:36 of 1st period - Stopped by Tristan Jarry without a rebound.
13:37 of 1st period - Sidney Crosby wins face-off versus Vladimir Sobotka in Bruins zone.
13:37 of 1st period - John Klingberg is hit by Jonathon Merrill.
13:49 of 1st period - Shot by Antoine Roussel.
13:49 of 1st period - Deflect By Vladimir Sobotka.
13:49 of 1st period - Shot Misses the Net.
14:17 of 1st period - Shot by Tyler Toffoli.
14:17 of 1st period - Stopped by Tristan Jarry with a rebound.
14:48 of 1st period - Tyler Bertuzzi is hit by Mattias Ekholm and loses puck.
15:14 of 1st period - Icing by Duncan Keith.
15:15 of 1st period - William Karlsson wins face-off versus Tanner Fritz in Stars zone.
15:22 of 1st period - Shot by Evgenii Dadonov.
15:22 of 1st period - Stopped by Tristan Jarry without a rebound.
15:23 of 1st period - Derick Brassard wins face-off versus Radek Faksa in Bruins zone.
15:26 of 1st period - Shot by Josh Leivo.
15:26 of 1st period - Deflect By James van Riemsdyk.
15:26 of 1st period - Shot Misses the Net.
15:28 of 1st period - Shot by Sami Vatanen.
15:28 of 1st period - Shot Misses the Net.
15:31 of 1st period - Minor Penalty to Brian Dumoulin for Hooking.
15:32 of 1st period - William Karlsson wins face-off versus Vladimir Sobotka in Bruins zone.
15:55 of 1st period - Shot by Evgenii Dadonov.
15:55 of 1st period - Deflect By Nazem Kadri.
15:55 of 1st period - Stopped by Tristan Jarry without a rebound.
15:56 of 1st period - Vladimir Sobotka wins face-off versus Sidney Crosby in Bruins zone.
16:23 of 1st period - Shot by Sidney Crosby.
16:23 of 1st period - Stopped by Tristan Jarry without a rebound.
16:24 of 1st period - Vladimir Sobotka wins face-off versus William Karlsson in Bruins zone.
17:33 of 1st period - Icing by Brett Pesce.
17:34 of 1st period - Alex Iafallo wins face-off versus Derick Brassard in Bruins zone.
18:20 of 1st period - Shot by Antoine Roussel.
18:20 of 1st period - Shot Misses the Net.
18:22 of 1st period - Shot by Vladimir Sobotka.
18:22 of 1st period - Shot Misses the Net.
18:24 of 1st period - Shot by Antoine Roussel.
18:24 of 1st period - Shot Blocked by Darnell Nurse.
18:56 of 1st period - Shot by Carl Hagelin.
18:56 of 1st period - Shot Blocked by John Klingberg.
19:22 of 1st period - Shot by Adam Henrique.
19:22 of 1st period - Shot Misses the Net.
19:24 of 1st period - Shot by Colton White.
19:24 of 1st period - Shot Blocked by John Klingberg.
19:26 of 1st period - Shot by Carl Hagelin.
19:26 of 1st period - Stopped by Darcy Kuemper without a rebound.
19:27 of 1st period - Radek Faksa wins face-off versus Sidney Crosby in Stars zone.
19:33 of 1st period - Radek Faksa is hit by Mattias Ekholm and loses puck.
19:52 of 1st period - Shot by Sidney Crosby.
19:52 of 1st period - Shot Hit the Post.
19:57 of 1st period - Nazem Kadri is hit by Brett Pesce and loses puck.
Goals for this period are 1 for Stars vs 0 for Bruins.
Shots for this period are 18 for Stars vs 10 for Bruins.

2nd period


0:01 of 2nd period - Adam Henrique wins face-off versus Sidney Crosby in neutral zone.
0:19 of 2nd period - Off-side.
0:20 of 2nd period - Radek Faksa wins face-off versus William Karlsson in neutral zone.
0:20 of 2nd period - Radek Faksa is hit by Jon Marchessault.
0:42 of 2nd period - Shot by Jonathon Merrill.
0:42 of 2nd period - Stopped by Darcy Kuemper with a rebound.
0:44 of 2nd period - Shot by Alex Iafallo.
0:44 of 2nd period - Stopped by Darcy Kuemper without a rebound.
0:45 of 2nd period - Sidney Crosby wins face-off versus Adam Henrique in Stars zone.
1:44 of 2nd period - Shot by Jayson Megna.
1:44 of 2nd period - Shot Misses the Net.
1:46 of 2nd period - Shot by Jayson Megna.
1:46 of 2nd period - Goal by Jayson Megna - Stars : 1 - Bruins : 1.
1:47 of 2nd period - Radek Faksa wins face-off versus William Karlsson in neutral zone.
1:49 of 2nd period - Alex Iafallo is hit by Duncan Keith and loses puck.
1:53 of 2nd period - Icing by Mattias Ekholm.
1:54 of 2nd period - Radek Faksa wins face-off versus William Karlsson in Stars zone.
2:20 of 2nd period - Radek Faksa is hit by Mattias Ekholm and loses puck.
2:33 of 2nd period - Shot by Jon Marchessault.
2:33 of 2nd period - Stopped by Tristan Jarry without a rebound.
2:34 of 2nd period - Teddy Blueger wins face-off versus Adam Henrique in Bruins zone.
2:56 of 2nd period - Icing by Adam Henrique.
2:57 of 2nd period - Sidney Crosby wins face-off versus Adam Henrique in Bruins zone.
4:00 of 2nd period - Shot by Jon Marchessault.
4:00 of 2nd period - Shot Misses the Net.
4:02 of 2nd period - Shot by Duncan Keith.
4:02 of 2nd period - Shot Blocked by Carl Hagelin.
4:12 of 2nd period - Shot by Jon Marchessault.
4:12 of 2nd period - Stopped by Tristan Jarry without a rebound.
4:13 of 2nd period - Radek Faksa wins face-off versus Derick Brassard in Bruins zone.
4:51 of 2nd period - Shot by James van Riemsdyk.
4:51 of 2nd period - Shot Misses the Net.
5:28 of 2nd period - Icing by Ilya Mikheyev.
5:29 of 2nd period - Teddy Blueger wins face-off versus Marcus Sorensen in Stars zone.
5:47 of 2nd period - Off-side.
5:48 of 2nd period - Vladimir Sobotka wins face-off versus Sidney Crosby in neutral zone.
5:55 of 2nd period - Shot by Vladimir Sobotka.
5:55 of 2nd period - Stopped by Darcy Kuemper without a rebound.
5:56 of 2nd period - Sidney Crosby wins face-off versus Vladimir Sobotka in Stars zone.
7:00 of 2nd period - Shot by Carl Hagelin.
7:00 of 2nd period - Stopped by Darcy Kuemper without a rebound.
7:01 of 2nd period - Radek Faksa wins face-off versus Derick Brassard in Stars zone.
8:06 of 2nd period - Shot by Tyler Bertuzzi.
8:06 of 2nd period - Shot Misses the Net.
8:18 of 2nd period - Shot by Jon Marchessault.
8:18 of 2nd period - Shot Misses the Net.
8:20 of 2nd period - Shot by Scott Mayfield.
8:20 of 2nd period - Shot Misses the Net.
8:24 of 2nd period - Shot by Sami Vatanen.
8:24 of 2nd period - Shot Blocked by Brady Skjei.
8:26 of 2nd period - Shot by William Karlsson.
8:26 of 2nd period - Shot Blocked by Jordan Oesterle.
8:30 of 2nd period - Shot by Sami Vatanen.
8:30 of 2nd period - Stopped by Tristan Jarry without a rebound.
8:31 of 2nd period - Sidney Crosby wins face-off versus Vladimir Sobotka in Bruins zone.
8:56 of 2nd period - Shot by Vladimir Sobotka.
8:56 of 2nd period - Stopped by Darcy Kuemper without a rebound.
8:57 of 2nd period - Teddy Blueger wins face-off versus Alex Iafallo in Stars zone.
9:19 of 2nd period - Minor Penalty to Tanner Fritz for Interference.
9:19 of 2nd period - Minor Penalty to Ilya Mikheyev for Elbowing.
9:20 of 2nd period - Sidney Crosby wins face-off versus Jayson Megna in neutral zone.
9:22 of 2nd period - Off-side.
9:23 of 2nd period - Jayson Megna wins face-off versus Sidney Crosby in neutral zone.
9:31 of 2nd period - Off-side.
9:32 of 2nd period - Nazem Kadri wins face-off versus Jayson Megna in neutral zone.
9:32 of 2nd period - Darnell Nurse is hit by Jayson Megna and loses puck.
10:01 of 2nd period - Nazem Kadri is hit by Colton White and loses puck.
10:07 of 2nd period - Sidney Crosby is hit by Brady Skjei and loses puck.
10:35 of 2nd period - Off-side.
10:36 of 2nd period - William Karlsson wins face-off versus Adam Henrique in neutral zone.
11:42 of 2nd period - Shot by Antoine Roussel.
11:42 of 2nd period - Shot Misses the Net.
11:47 of 2nd period - Marcus Sorensen is hit by Sami Vatanen and loses puck.
12:53 of 2nd period - Shot by Tyler Bertuzzi.
12:53 of 2nd period - Stopped by Darcy Kuemper without a rebound.
12:54 of 2nd period - William Karlsson wins face-off versus Adam Henrique in Stars zone.
12:54 of 2nd period - William Karlsson is hit by Tyler Bertuzzi.
13:06 of 2nd period - Shot by William Karlsson.
13:06 of 2nd period - Stopped by Tristan Jarry with a rebound.
13:26 of 2nd period - William Karlsson is hit by Markus Nutivaara.
14:54 of 2nd period - Shot by Zach Aston-Reese.
14:54 of 2nd period - Shot Misses the Net.
14:56 of 2nd period - Shot by Zach Aston-Reese.
14:56 of 2nd period - Stopped by Tristan Jarry without a rebound.
14:57 of 2nd period - Derick Brassard wins face-off versus Alex Iafallo in Bruins zone.
15:50 of 2nd period - Shot by Evgenii Dadonov.
15:50 of 2nd period - Shot Misses the Net.
15:58 of 2nd period - Shot by William Karlsson.
15:58 of 2nd period - Shot Misses the Net.
16:00 of 2nd period - Shot by Darnell Nurse.
16:00 of 2nd period - Shot Misses the Net.
16:04 of 2nd period - Shot by William Karlsson.
16:04 of 2nd period - Deflect By Evgenii Dadonov.
16:04 of 2nd period - Shot Blocked by Alex Iafallo.
16:18 of 2nd period - Radek Faksa is hit by Jon Marchessault and loses puck.
16:55 of 2nd period - Shot by Sidney Crosby.
16:55 of 2nd period - Shot Misses the Net.
17:35 of 2nd period - Shot by Antoine Roussel.
17:35 of 2nd period - Shot Misses the Net.
17:37 of 2nd period - Shot by Jordan Oesterle.
17:37 of 2nd period - Deflect By Antoine Roussel.
17:37 of 2nd period - Stopped by Darcy Kuemper without a rebound.
17:38 of 2nd period - Derick Brassard wins face-off versus Adam Henrique in Stars zone.
17:58 of 2nd period - Shot by Brian Dumoulin.
17:58 of 2nd period - Deflect By Tyler Bertuzzi.
17:58 of 2nd period - Stopped by Darcy Kuemper with a rebound.
18:23 of 2nd period - Icing by Brian Dumoulin.
18:24 of 2nd period - Sidney Crosby wins face-off versus Adam Henrique in Bruins zone.
18:49 of 2nd period - Shot by Nazem Kadri.
18:49 of 2nd period - Shot Misses the Net.
18:51 of 2nd period - Shot by Tyler Toffoli.
18:51 of 2nd period - Shot Blocked by Vladimir Sobotka.
18:51 of 2nd period - Vladimir Sobotka from Bruins is injured at 18:51 of 2nd period (Sore Right Knee).
18:52 of 2nd period - William Karlsson wins face-off versus Tanner Fritz in Bruins zone.
19:37 of 2nd period - Carl Hagelin is hit by Jon Marchessault and loses puck.
19:57 of 2nd period - Shot by Tyler Toffoli.
19:57 of 2nd period - Stopped by Tristan Jarry without a rebound.
19:58 of 2nd period - Teddy Blueger wins face-off versus Tanner Fritz in Bruins zone.
Goals for this period are 0 for Stars vs 1 for Bruins.
Shots for this period are 6 for Stars vs 9 for Bruins.

3rd period


0:01 of 3rd period - Sidney Crosby wins face-off versus Adam Henrique in neutral zone.
0:18 of 3rd period - Shot by Tyler Toffoli.
0:18 of 3rd period - Stopped by Tristan Jarry without a rebound.
0:19 of 3rd period - William Karlsson wins face-off versus Jayson Megna in Bruins zone.
0:31 of 3rd period - Duncan Keith is hit by Tanner Fritz and loses puck.
0:51 of 3rd period - Icing by Jonathon Merrill.
0:52 of 3rd period - Jayson Megna wins face-off versus Tyler Toffoli in Bruins zone.
3:14 of 3rd period - Shot by William Karlsson.
3:14 of 3rd period - Shot Misses the Net.
3:21 of 3rd period - Off-side.
3:22 of 3rd period - Adam Henrique wins face-off versus Sidney Crosby in neutral zone.
3:30 of 3rd period - John Klingberg is hit by Tyler Bertuzzi and loses puck.
3:53 of 3rd period - Shot by Sidney Crosby.
3:53 of 3rd period - Shot Blocked by Carl Hagelin.
4:03 of 3rd period - Shot by Tyler Toffoli.
4:03 of 3rd period - Shot Misses the Net.
4:27 of 3rd period - Icing by Brady Skjei.
4:28 of 3rd period - Adam Henrique wins face-off versus William Karlsson in Bruins zone.
4:54 of 3rd period - Minor Penalty to Jonathon Merrill for Slashing.
4:55 of 3rd period - Sidney Crosby wins face-off versus Marcus Sorensen in Bruins zone.
4:58 of 3rd period - Shot by Sidney Crosby.
4:58 of 3rd period - Shot Misses the Net.
5:00 of 3rd period - Shot by John Klingberg.
5:00 of 3rd period - Stopped by Tristan Jarry with a rebound.
5:08 of 3rd period - Shot by Jon Marchessault.
5:08 of 3rd period - Stopped by Tristan Jarry without a rebound.
5:09 of 3rd period - William Karlsson wins face-off versus Marcus Sorensen in Bruins zone.
5:16 of 3rd period - Shot by Duncan Keith.
5:16 of 3rd period - Shot Blocked by Brian Dumoulin.
5:18 of 3rd period - Shot by Sami Vatanen.
5:18 of 3rd period - Deflect By Nazem Kadri.
5:18 of 3rd period - Stopped by Tristan Jarry without a rebound.
5:19 of 3rd period - Marcus Sorensen wins face-off versus Sidney Crosby in Bruins zone.
6:43 of 3rd period - Shot by Evgenii Dadonov.
6:43 of 3rd period - Stopped by Tristan Jarry without a rebound.
6:44 of 3rd period - Sidney Crosby wins face-off versus Marcus Sorensen in Bruins zone.
6:47 of 3rd period - Shot by Sidney Crosby.
6:47 of 3rd period - Stopped by Tristan Jarry with a rebound.
6:49 of 3rd period - Shot by Mattias Ekholm.
6:49 of 3rd period - Stopped by Tristan Jarry with a rebound.
6:51 of 3rd period - Shot by Mattias Ekholm.
6:51 of 3rd period - Stopped by Tristan Jarry without a rebound.
6:52 of 3rd period - Sidney Crosby wins face-off versus Marcus Sorensen in Bruins zone.
6:56 of 3rd period - Minor Penalty to Colton White for Tripping.
6:57 of 3rd period - Marcus Sorensen wins face-off versus Sidney Crosby in Bruins zone.
7:18 of 3rd period - Shot by Sidney Crosby.
7:18 of 3rd period - Stopped by Tristan Jarry without a rebound.
7:19 of 3rd period - William Karlsson wins face-off versus Adam Henrique in Bruins zone.
7:32 of 3rd period - Shot by Sami Vatanen.
7:32 of 3rd period - Shot Blocked by Jonathon Merrill.
7:34 of 3rd period - Shot by William Karlsson.
7:34 of 3rd period - Shot Misses the Net.
7:36 of 3rd period - Shot by Sami Vatanen.
7:36 of 3rd period - Stopped by Tristan Jarry with a rebound.
7:38 of 3rd period - Shot by Sami Vatanen.
7:38 of 3rd period - Shot Misses the Net.
7:40 of 3rd period - Shot by Duncan Keith.
7:40 of 3rd period - Stopped by Tristan Jarry without a rebound.
7:41 of 3rd period - Marcus Sorensen wins face-off versus Sidney Crosby in Bruins zone.
8:39 of 3rd period - Shot by William Karlsson.
8:39 of 3rd period - Goal by William Karlsson - Stars : 2 - Bruins : 1.
8:40 of 3rd period - Josh Leivo wins face-off versus Jayson Megna in neutral zone.
8:48 of 3rd period - Shot by Scott Mayfield.
8:48 of 3rd period - Shot Blocked by Brady Skjei.
8:50 of 3rd period - Shot by Sami Vatanen.
8:50 of 3rd period - Shot Misses the Net.
8:52 of 3rd period - Shot by Sami Vatanen.
8:52 of 3rd period - Stopped by Tristan Jarry without a rebound.
8:53 of 3rd period - Teddy Blueger wins face-off versus Jayson Megna in Bruins zone.
9:00 of 3rd period - Shot by Zach Aston-Reese.
9:00 of 3rd period - Stopped by Tristan Jarry with a rebound.
9:04 of 3rd period - Shot by Teddy Blueger.
9:04 of 3rd period - Stopped by Tristan Jarry without a rebound.
9:05 of 3rd period - Radek Faksa wins face-off versus Derick Brassard in Bruins zone.
9:05 of 3rd period - Radek Faksa is hit by Josh Leivo.
9:56 of 3rd period - Shot by John Klingberg.
9:56 of 3rd period - Stopped by Tristan Jarry without a rebound.
9:57 of 3rd period - Sidney Crosby wins face-off versus Adam Henrique in Bruins zone.
10:04 of 3rd period - Shot by Nazem Kadri.
10:04 of 3rd period - Stopped by Tristan Jarry without a rebound.
10:05 of 3rd period - Adam Henrique wins face-off versus Sidney Crosby in Bruins zone.
10:05 of 3rd period - Adam Henrique is hit by Nazem Kadri.
10:12 of 3rd period - Brady Skjei is hit by Darnell Nurse and loses puck.
10:21 of 3rd period - Shot by Marcus Sorensen.
10:21 of 3rd period - Shot Hit the Post.
10:23 of 3rd period - Shot by Brady Skjei.
10:23 of 3rd period - Shot Misses the Net.
11:20 of 3rd period - Shot by Evgenii Dadonov.
11:20 of 3rd period - Stopped by Tristan Jarry without a rebound.
11:21 of 3rd period - Teddy Blueger wins face-off versus Radek Faksa in Bruins zone.
11:29 of 3rd period - Ilya Mikheyev is hit by Brian Dumoulin and loses puck.
11:58 of 3rd period - Shot by Zach Aston-Reese.
11:58 of 3rd period - Shot Misses the Net.
12:00 of 3rd period - Shot by Scott Mayfield.
12:00 of 3rd period - Shot Misses the Net.
12:17 of 3rd period - James van Riemsdyk is hit by Brett Pesce and loses puck.
12:37 of 3rd period - Shot by James van Riemsdyk.
12:37 of 3rd period - Stopped by Tristan Jarry without a rebound.
12:38 of 3rd period - Sidney Crosby wins face-off versus Adam Henrique in Bruins zone.
12:49 of 3rd period - Shot by Tyler Toffoli.
12:49 of 3rd period - Shot Blocked by Jonathon Merrill.
12:51 of 3rd period - Shot by Darnell Nurse.
12:51 of 3rd period - Stopped by Tristan Jarry without a rebound.
12:52 of 3rd period - William Karlsson wins face-off versus Adam Henrique in Bruins zone.
13:05 of 3rd period - Shot by Jonathon Merrill.
13:05 of 3rd period - Shot Misses the Net.
13:07 of 3rd period - Shot by Adam Henrique.
13:07 of 3rd period - Shot Misses the Net.
13:09 of 3rd period - Shot by Jonathon Merrill.
13:09 of 3rd period - Stopped by Darcy Kuemper without a rebound.
13:10 of 3rd period - Jayson Megna wins face-off versus Sidney Crosby in Stars zone.
13:25 of 3rd period - Carl Hagelin is hit by Nazem Kadri.
13:37 of 3rd period - Shot by Tyler Bertuzzi.
13:37 of 3rd period - Stopped by Darcy Kuemper without a rebound.
13:38 of 3rd period - William Karlsson wins face-off versus Tanner Fritz in Stars zone.
13:38 of 3rd period - William Karlsson is hit by Antoine Roussel.
14:12 of 3rd period - Shot by Evgenii Dadonov.
14:12 of 3rd period - Shot Misses the Net.
14:14 of 3rd period - Shot by John Klingberg.
14:14 of 3rd period - Stopped by Tristan Jarry without a rebound.
14:15 of 3rd period - Adam Henrique wins face-off versus Sidney Crosby in Bruins zone.
14:15 of 3rd period - Adam Henrique is hit by Nazem Kadri.
14:18 of 3rd period - Icing by Carl Hagelin.
14:19 of 3rd period - Sidney Crosby wins face-off versus Adam Henrique in Bruins zone.
15:40 of 3rd period - Shot by Jon Marchessault.
15:40 of 3rd period - Shot Misses the Net.
15:42 of 3rd period - Shot by John Klingberg.
15:42 of 3rd period - Shot Misses the Net.
15:53 of 3rd period - Icing by Colton White.
15:54 of 3rd period - Derick Brassard wins face-off versus Radek Faksa in Bruins zone.
15:59 of 3rd period - Shot by Derick Brassard.
15:59 of 3rd period - Stopped by Tristan Jarry with a rebound.
16:19 of 3rd period - Shot by James van Riemsdyk.
16:19 of 3rd period - Stopped by Tristan Jarry without a rebound.
16:20 of 3rd period - Sidney Crosby wins face-off versus Adam Henrique in Bruins zone.
16:39 of 3rd period - Mattias Ekholm is hit by Antoine Roussel and loses puck.
16:50 of 3rd period - Shot by Antoine Roussel.
16:50 of 3rd period - Stopped by Darcy Kuemper without a rebound.
16:51 of 3rd period - Adam Henrique wins face-off versus William Karlsson in Stars zone.
17:08 of 3rd period - Icing by Darnell Nurse.
17:09 of 3rd period - William Karlsson wins face-off versus Radek Faksa in Stars zone.
17:58 of 3rd period - Icing by Brett Pesce.
17:59 of 3rd period - Radek Faksa wins face-off versus Derick Brassard in Bruins zone.
18:20 of 3rd period - Shot by Marcus Sorensen.
18:20 of 3rd period - Deflect By Adam Henrique.
18:20 of 3rd period - Stopped by Darcy Kuemper without a rebound.
18:21 of 3rd period - Adam Henrique wins face-off versus Sidney Crosby in Stars zone.
18:26 of 3rd period - Icing by Mattias Ekholm.
18:27 of 3rd period - Sidney Crosby wins face-off versus Adam Henrique in Stars zone.
19:40 of 3rd period - Shot by William Karlsson.
19:40 of 3rd period - Deflect By Jon Marchessault.
19:40 of 3rd period - Shot Blocked by Brady Skjei.
19:42 of 3rd period - Shot by Zach Aston-Reese.
19:42 of 3rd period - Deflect By Jon Marchessault.
19:42 of 3rd period - Stopped by Tristan Jarry without a rebound.
19:43 of 3rd period - Tanner Fritz wins face-off versus William Karlsson in Bruins zone.
19:48 of 3rd period - Bruins, Tristan Jarry is pulled from the net.
19:50 of 3rd period - Shot by Tyler Bertuzzi.
19:50 of 3rd period - Shot Misses the Net.
Goals for this period are 1 for Stars vs 0 for Bruins.
Shots for this period are 24 for Stars vs 4 for Bruins.